 Dungeon Crawl Stone Soup version 0.20-a0-1078-g4874019 (webtiles) character file.

900 HAL9000 the Cleaver (level 8, -6/46 HPs)
             Began as a Gargoyle Fighter on Apr 30, 2017.
             Mangled by an ogre
             ... wielding a +0 giant club
              (17 damage)
             ... on level 4 of the Dungeon.
             The game lasted 00:07:33 (3998 turns).

HAL9000 the Cleaver (Gargoyle Fighter)              Turns: 3998, Time: 00:07:34

Health: -6/46      AC: 12    Str: 21    XL:     8   Next: 7%
Magic:  8/8        EV:  7    Int: 10    God:
Gold:   131        SH:  9    Dex:  9    Spells: 7/7 levels left

rFire    . . .     SeeInvis .   a - +0 war axe
rCold    . . .     Gourm    .   c - +0 shield
rNeg     + . .     Faith    .   b - +0 scale mail
rPois    ∞         Spirit   .   (no helmet)
rElec    +         Reflect  .   (no cloak)
rCorr    .         Harm     .   (no gloves)
MR       .....                  (no boots)
Stlth    ..........             (no amulet)
Regen    0.2/turn               (no ring)
MPRegen  0.2/turn               (no ring)

@: no status effects
A: negative energy resistance 1, electricity resistance, unbreathing,
petrification resistance, rot immunity, AC +5
a: no special abilities


You were on level 4 of the Dungeon.
You were hungry.

You visited 1 branch of the dungeon, and saw 4 of its levels.
You also visited: Sewer.

You collected 131 gold pieces.

Inventory:

Hand Weapons
 a - a +0 war axe (weapon)
Missiles
 o - 8 javelins (quivered)
Armour
 b - a +0 scale mail (worn)
 c - a +0 shield (worn)
Wands
 x - a wand of polymorph (7/24)
Scrolls
 g - a scroll of amnesia {unknown}
 l - a scroll of teleportation {unknown}
 n - 2 scrolls of identify {unknown}
 r - a scroll of magic mapping {unknown}
 t - 2 scrolls of fear {unknown}
 v - a scroll of immolation {unknown}
 y - 2 scrolls of blinking {unknown}
Potions
 d - a potion of might
 h - 2 potions of curing {unknown}
 i - a potion of flight {unknown}
 k - 2 potions of heal wounds {unknown}
 m - 2 potions of ambrosia {unknown}
 s - a potion of resistance {unknown}
 w - a potion of mutation {unknown}
 A - a potion of brilliance {unknown}
Comestibles
 f - 3 bread rations
 p - a meat ration
 z - a chunk of flesh


   Skills:
 - Level 3.2 Fighting
 + Level 8.4 Axes
 - Level 3.2 Armour
 - Level 3.2 Shields


You had 7 spell levels left.
You didn't know any spells.

Dungeon Overview and Level Annotations

Branches:
Dungeon (4/15)
 Temple: D:4-7

Altars:
Gozag
Nemelex Xobeh
Xom
The Shining One


Innate Abilities, Weirdness & Mutations

You are resistant to torment.
Your stone body is resilient. (AC +5)
You are immune to poison.
You resist negative energy. (rN+)
You are resistant to electric shocks. (rElec)
You can survive without breathing.
You are immune to petrification.
You are immune to rotting.


Message History

An ogre comes into view. It is wielding a giant club.
The ogre shouts!
A quokka comes into view.
You are feeling hungry.
The ogre hits you with a giant club!
You barely miss the ogre. You block the quokka's attack.
You slash the ogre!
The ogre is heavily wounded.
Your shield prevents you from hitting the quokka.
The ogre hits you with a giant club!!
* * * LOW HITPOINT WARNING * * *
The quokka closely misses you.
You are too injured to fight recklessly!
You are too injured to fight recklessly!
You are too injured to fight recklessly!
You slash the ogre!
The ogre is almost dead.
You miss the quokka. You block the quokka's attack.
The ogre hits you with a giant club!
You die...

.....#...#..###..........#
........###.####.........#
.......## #..# #.........#
......### ##.###..##.##.### .##
#...#...####....#.........##.. .
##..............................
#..).###.........>.......#....
####.......###..##..........###
#######.....@r....#.#.#.....
#####..O.#............
#.##.........#. #.##..#...#..#
..##...#..#..# ..##..#....#..##
# .# #.###.#.....#.## .. #.
#..#...#....## . ...##..)...#..#


You could see an ogre and a quokka.

Vanquished Creatures
  An ogre (D:4)
  A phantom (D:4)
  5 big kobolds (Sewer)
  An orc wizard (D:4)
  Ijyb (D:3)
  6 gnolls
  A river rat (Sewer)
  14 adders
  9 oozes (Sewer)
  3 worms
  3 leopard geckos
  3 orcs (D:4)
  8 ball pythons
  6 bats
  4 giant cockroaches
  6 goblins
  9 hobgoblins
  4 quokkas (D:3)
  5 frilled lizards
  9 kobolds
  6 rats
105 creatures vanquished.

Vanquished Creatures (others)
  4 toadstools (D:1)
4 creatures vanquished.

Grand Total: 109 creatures vanquished

Notes
Turn   | Place    | Note
-------+----------+-------------------------------------------
     0 | D:1      | HAL9000 the Gargoyle Fighter began the quest for the Orb.
     0 | D:1      | Reached XP level 1. HP: 14/14 MP: 1/1
   116 | D:1      | Reached skill level 2 in Axes
   148 | D:1      | Reached XP level 2. HP: 19/19 MP: 2/2
   668 | D:2      | Reached skill level 3 in Axes
   668 | D:2      | Reached XP level 3. HP: 19/23 MP: 3/3
   718 | D:2      | Found a shimmering altar of Xom.
  1057 | D:2      | Reached XP level 4. HP: 23/28 MP: 4/4
  1095 | D:2      | Reached skill level 4 in Axes
  1467 | D:3      | Reached XP level 5. HP: 32/32 MP: 5/5
  1839 | D:3      | Reached skill level 5 in Axes
  1934 | D:3      | Noticed Ijyb
  1956 | D:2      | Found a glowing golden altar of the Shining One.
  1956 | D:2      | Found an opulent altar of Gozag.
  2001 | D:3      | Killed Ijyb
  2740 | D:2      | Reached XP level 6. HP: 37/37 MP: 6/6
  3160 | D:4      | Found a sparkling altar of Nemelex Xobeh.
  3245 | D:4      | Noticed a phantom
  3262 | D:4      | Killed a phantom
  3262 | D:4      | Reached skill level 6 in Axes
  3280 | D:4      | Reached XP level 7. HP: 39/41 MP: 7/7
  3369 | D:4      | Found a glowing drain.
  3386 | Sewer    | Entered a sewer
  3460 | Sewer    | Reached skill level 7 in Axes
  3848 | Sewer    | Reached skill level 8 in Axes
  3948 | Sewer    | Reached XP level 8. HP: 43/46 MP: 8/8
  3998 | D:4      | Mangled by an ogre

Vault maps used:
D:1:      ldierk_walled_garden_2, st_stairs_5
D:2:      cheibrodos_helix_gallery, nicolae_overflow_hidden_temple,
          marbit_many_paths, first_bread, minmay_snake_closets
D:3:      wad_woods_tower, uniq_ijyb
D:4:      lemuel_crystal_altar, nemelex_xobeh_ov_fountains_minmay,
          old_standard_altar, serial_shops, shop, portal_sewer_entry_f
Sewer:    sewer_co_tree

Skill      XL: |  1  2  3  4  5  6  7 |
---------------+----------------------+-----
Axes           | 2 3 4 5 6 8 |  8.4
Fighting       | |  3.2
Armour         | |  3.2
Shields        | |  3.2

Action                   |  1- 3 |  4- 6 |  7- 9 || total
-------------------------+-------+-------+-------++-------
Melee: War axe           |    73 |   252 |   154 ||   479
       Unarmed           |       |     4 |       ||     4
Throw: Javelin           |       |    10 |       ||    10
  Eat: Chunk             |     1 |     4 |     1 ||     6
       Meat ration       |       |     1 |       ||     1
Armor: Scale mail        |    67 |   116 |    61 ||   244
       Skin              |       |     2 |       ||     2
Dodge: Dodged            |    42 |    65 |    43 ||   150
Block: Shield            |    46 |   136 |    65 ||   247
